 Dungeon Crawl Stone Soup version 0.32-a0-17-gb74e046682 (webtiles) character file.

Game seed: 9924149722625631751

520527 BeingJoeMalik the Slayer (level 25, -16/260 HPs)
             Began as a Naga Fighter on Jan 11, 2024.
             Was the Champion of Makhleb.
             Killed from afar by a black draconian knight (17 damage)
             ... with a bolt of lightning
             ... led by a red draconian scorcher
             ... on level 1 of the Realm of Zot on Jan 16, 2024.
             The game lasted 04:51:17 (70139 turns).

BeingJoeMalik the Slayer (Naga Fighter)            Turns: 70139, Time: 04:51:17

Health: -16/260    AC: 47    Str: 27    XL:     25   Next: 27%
Magic:  0/36       EV:  7    Int: 13    God:    Makhleb [******]
Gold:   2228       SH: 29    Dex: 16    Spells: 24/24 levels left

rFire   + . .        j - +7 demon blade (venom)
rCold   + . .        A - +6 tower shield
rNeg    + . .        a - +9 scales of the Dragon King {rPois rF+ rC+ Will+}
rPois   +            B - +1 helmet
rElec   .            X - scarf {repulsion}
rCorr   .            c - +2 pair of gloves
SInv    +            f - +5 barding of the Game Afoot {rPois rN+ Will+}
Will    +++++        x - amulet of guardian spirit Stlth
                     b - +5 ring of evasion
HPRegen 0.63/turn    I - +6 ring of strength
MPRegen 0.25/turn

%: repel missiles, clarity, guardian spirit
@: constricted, studying 3 skills, unable to read, very slow
A: AC +8, large, see invisible, deformed body, poison resistance, slowness 2,
spit poison 1, naga tail 2, clarity, inability to read after injury 1
}: 3/15 runes: barnacled, abyssal, gossamer
a: Spit Poison, Renounce Religion, Minor Destruction, Lesser Servant of Makhleb,
Major Destruction, Greater Servant of Makhleb


You were on level 1 of the Realm of Zot.
You worshipped Makhleb.
Makhleb was exalted by your worship.
You visited 11 branches of the dungeon, and saw 44 of its levels.
You visited the Abyss 1 time.
You visited 1 bazaar.
You also visited: Trove and Sewer.

You collected 6576 gold pieces.
You spent 4348 gold pieces at shops.

Inventory:

Hand Weapons
 j - a +7 demon blade of venom (weapon)
 T - a +0 scimitar of flaming
 V - a +2 double sword of holy wrath
Missiles
 F - a curare-tipped dart
 W - 8 throwing nets
Armour
 a - the +9 scales of the Dragon King (worn) {rPois rF+ rC+ Will+}
   (You bought it in a shop on level 2 of the Orcish Mines)

   rF+:       It protects you from fire.
   rC+:       It protects you from cold.
   rPois:     It protects you from poison Will+: It increases your willpower.
 c - a +2 pair of gloves (worn)
 f - the +5 barding of the Game Afoot (worn) {rPois rN+ Will+}
   (You found it in a treasure trove)

   rPois:     It protects you from poison rN+: It protects you from negative
   energy.
   Will+:     It increases your willpower.
 A - a +6 tower shield (worn)
 B - a +1 helmet (worn)
 X - a scarf of repulsion (worn)
Jewellery
 b - a +5 ring of evasion (left hand)
 e - a ring of flight
 o - a ring of protection from cold
 x - an amulet of guardian spirit (around neck)
 E - a ring of resist corrosion
 G - an amulet of regeneration
 I - a +6 ring of strength (right hand)
 R - a ring of positive energy
 U - the ring "Amyacuat" {rF+ Will+}
   (You took it off a spriggan air mage on level 2 of the Depths)

   [ring of willpower]

   rF+:       It protects you from fire.
   Will+:     It increases your willpower.
Talismans
 m - the granite talisman of the Raven {rC+}
   (You took it off Roxanne on level 2 of the Elven Halls)

   [granite talisman]

   rC+:       It protects you from cold.
Wands
 d - a wand of roots (21)
 l - a wand of mindburst (19)
 D - a wand of light (22)
 N - a wand of digging (9)
Scrolls
 h - 8 scrolls of teleportation
 k - 4 scrolls of revelation
 p - 2 scrolls of silence
 t - 8 scrolls of poison
 y - 2 scrolls of blinking
 J - 20 scrolls of identify
 P - 10 scrolls of fog
 Q - 2 scrolls of summoning
 S - 6 scrolls of fear
Potions
 g - a potion of might
 i - 5 potions of haste
 r - 9 potions of brilliance
 s - a potion of invisibility
 v - 9 potions of mutation
 w - 3 potions of magic
 z - 15 potions of curing
 H - 4 potions of cancellation
 K - 5 potions of resistance
 Z - a potion of berserk rage
Miscellaneous
 q - a phantom mirror (inert)


   Skills:
 + Level 22.2 Fighting
 - Level 1.9(12.2) Short Blades
 + Level 18.4 Long Blades
 - Level 2.6 Polearms
 + Level 12.6 Armour
 * Level 11.1 Dodging
 + Level 7.0 Stealth
 + Level 21.7 Shields
 * Level 18.7 Invocations


You had 24 spell levels left.
You didn't know any spells.
Your spell library contained the following spells:

 Spells                   Type           Power      Damage    Failure   Level
 Foxfire                  Conj/Fire      0%         2x1d4     100%        1
 Kiss of Death            Conj/Necr      0%         2d5       100%        1
 Magic Dart               Conj           0%         1d3       100%        1
 Summon Small Mammal      Summ           0%         N/A       100%        1
 Call Imp                 Summ           0%         N/A       100%        2
 Jinxbite                 Hex            0%         N/A       100%        2
 Searing Ray              Conj           0%         2d4       100%        2
 Static Discharge         Conj/Air       0%         3-3/arc   100%        2
 Sublimation of Blood     Necr           0%         N/A       100%        2
 Call Canine Familiar     Summ           0%         N/A       100%        3
 Confusing Touch          Hex            0%         N/A       100%        3
 Inner Flame              Hex/Fire       0%         N/A       100%        3
 Mephitic Cloud           Conj/Alch/Air  0%         N/A       100%        3
 Summon Ice Beast         Ice/Summ       0%         N/A       100%        3
 Volatile Blastmotes      Fire/Tloc      0%         2d10      100%        3
 Airstrike                Air            0%         2d(0-16)  100%        4
 Dispel Undead            Necr           0%         3d6       100%        4
 Fulminant Prism          Conj/Alch      0%         3d5       100%        4
 Ignite Poison            Fire/Alch      0%         N/A       100%        4
 Leda's Liquefaction      Alch/Erth      0%         N/A       100%        4
 Passage of Golubria      Tloc           0%         N/A       100%        4
 Sticky Flame             Fire/Alch      0%         2d4       100%        4
 Summon Blazeheart Golem  Fire/Summ      0%         N/A       100%        4
 Summon Lightning Spire   Summ/Air       0%         N/A       100%        4
 Vhi's Electric Charge    Tloc/Air       0%         N/A       100%        4
 Arcjolt                  Conj/Air       0%         1d10      100%        5
 Fireball                 Conj/Fire      0%         3d3       100%        5
 Iskenderun's Battlesphe  Conj           0%         2d6       100%        5
 Silence                  Hex/Air        0%         N/A       100%        5
 Summon Forest            Summ/Tloc      0%         N/A       100%        5
 Summon Mana Viper        Hex/Summ       0%         N/A       100%        5
 Yara's Violent Unravell  Hex/Alch       0%         3d3       100%        5
 Bombard                  Conj/Erth      0%         9d1       100%        6
 Dispersal                Tloc           0%         N/A       100%        6
 Eringya's Noxious Bog    Alch           0%         4d6       100%        6
 Plasma Beam              Fire/Air       0%         2x1d10    100%        6
 Enfeeble                 Hex            0%         N/A       100%        7
 Malign Gateway           Summ/Tloc      0%         N/A       100%        7
 Monstrous Menagerie      Summ           0%         N/A       100%        7
 Spellforged Servitor     Conj/Summ      0%         N/A       100%        7
 Summon Hydra             Summ           0%         N/A       100%        7
 Ignition                 Fire           0%         3d3       100%        8
 Lehudib's Crystal Spear  Conj/Erth      0%         10d2      100%        8
 Maxwell's Capacitive Co  Air            0%         ∞         100%        8
 Fire Storm               Conj/Fire      0%         5d1       100%        9


Dungeon Overview and Level Annotations

Branches:
Dungeon (15/15)            Temple (1/1) D:7            Lair (5/5) D:8
 Shoals (4/4) Lair:2       Spider (4/4) Lair:2        Slime (0/5) Lair:5
    Orc (2/2) D:9             Elf (3/3) Orc:2        Vaults (4/5) D:13
  Crypt (0/3) Vaults:2     Depths (4/4) D:15           Hell (visited)
    Zot (1/5) Depths:4      Sewer (visited)
    Dis: Hell:1         Geh: Hell:1         Coc: Hell:1         Tar: Hell:1

Altars:
Ashenzari
Cheibriados
Dithmenos
Elyvilon
Fedhas
Gozag
Hepliaklqana
Kikubaaqudgha
Makhleb
Nemelex Xobeh
Okawaru
Qazlal
Ru
Sif Muna
Trog
Uskayaw
Vehumet
Wu Jian
Xom
Yredelemnul
Zin
The Shining One
Jiyva
Lugonu

Shops:
D:8 [   D:9 !   D:12 =   D:15 **[!*   Orc:1 *   Orc:2 (?[[   Elf:1 ?
Elf:2 [?=[   Elf:3 =   Shoals:1 (   Vaults:2 *   Depths:1 ?**(:

Portals:
Hell: Depths:1 Depths:2 Depths:3 Depths:4
Abyss: Lair:2 Depths:1 Depths:3
Pandemonium: Depths:2 Depths:3
Ziggurat: Depths:1

Annotations:
Lair:2 2 transporters, zenocrate's ghost, journeyman VSEn
Shoals:3 1 runed translucent door, Mara
Elf:2 3 runed translucent doors


Innate Abilities, Weirdness & Mutations

Your serpentine skin is tough. (AC +8)
You have supernaturally acute eyesight. (SInv)
Armour fits poorly on your strangely shaped body.
Your system is resistant to poisons. (rPois)
You cover ground very slowly.
You can spit poison.
You can use your snake-like lower body to constrict enemies.
You possess an exceptional clarity of mind.
You occasionally lose the ability to read scrolls when taking damage.


Message History

You block the tentacled monstrosity's attack. x3
The tentacled monstrosity constricts you.
Your blizzard demon waves its arms in wide circles.
The air twists around and strikes the black draconian knight.
The tentacled monstrosity tentacle-slaps you but does no damage.
The tentacled monstrosity closely misses you.
The tentacled monstrosity tentacle-slaps you!
* * * LOW HITPOINT WARNING * * *
The tentacled monstrosity constricts your tentacled monstrosity.
Your tentacled monstrosity dies!
Your tentacled monstrosity shimmers and vanishes!
The white draconian hits you but does no damage.
The black draconian knight breathes lightning at you.
The bolt of lightning hits you!!
* * * LOW HITPOINT WARNING * * *
The white draconian hits you from afar with a +0 halberd!
* * * LOW HITPOINT WARNING * * *
Unknown command.
Unknown command.
Unknown command.
Unknown command.
Unknown command.
Unknown command.
You slice the tentacled monstrosity!!
The tentacled monstrosity looks as sick as possible!
The tentacled monstrosity is almost dead.
The tentacled monstrosity tentacle-slaps you.
* * * LOW HITPOINT WARNING * * *
The tentacled monstrosity tentacle-slaps you but does no damage.
You block the tentacled monstrosity's attack.
The tentacled monstrosity constricts you.
The tentacled monstrosity tentacle-slaps you but does no damage.
The tentacled monstrosity tentacle-slaps you!
* * * LOW HITPOINT WARNING * * *
The tentacled monstrosity tentacle-slaps you but does no damage.
Your blizzard demon hits the black draconian knight!
Your blizzard demon barely misses the black draconian knight.
The black draconian knight breathes lightning at you.
The bolt of lightning hits you!
You die...

,8*8,,...##......#,,,*****,,,****
**********##.....#...#,,,*,,,,,,,
#****########...##...#,,,*,,,,,..
.,,,##........#>#*...#,,,*,,,,...
#*...........#####...#,,,*+***###
***...#......#.......#,8,,,,,,,,,
*#..##.....#..d2d..#..,,,,8,,,,
#..##.....#.X)qd..'..,,,,,,,,,
*#..##...##.)@#****,,,,,,,*+**
#..#...###..X#,,,,,,,,,,,*,,,
*#....## #...#,,,,8,,,,,,*,,,
#...#####...#,,,,,,,,,8,*,,,
##.###..#...######*+*,,,*,,, ****
#......#.........,,*,,,*,,,
*,,**#...####.........,,*,,,*,,,
#*,,,*#.### #.†.......,,*,,,*,,,
#,*,*,#..# ##'######.,,*****,,,


You could see 2 tentacled monstrosities, a black draconian knight (fast,
invisible, catching breath, ally target), a red draconian, 2 draconians and a
friendly blizzard demon (summoned).

Vanquished Creatures
  A dread lich (Abyss:4)
  Mennas (Vaults:2)
  Boris (Depths:1)
  Geryon (Hell)
  5 golden dragons
  2 bone dragons
  A Brimstone Fiend (Depths:4)
  A doom hound (Depths:3)
  Jorgrun (Shoals:3)
  A hellephant (Depths:2)
  2 tentacled monstrosities
  3 Hell Sentinels
  Rupert (Lair:3)
  An Ice Fiend (Depths:4)
  3 liches
  2 quicksilver dragons
  A titan (Depths:2)
  2 deep elf master archers (Elf:3)
  A walking earthen tome (Depths:2)
  A death cob (Zot:1)
  Polyphemus (Shoals:3)
  2 deep elf blademasters (Elf:3)
  2 krakens
  3 sphinxes
  8 tentacled starspawn
  5 tengu reavers
  Donald (Vaults:2)
  4 shadow dragons
  3 storm dragons
  Roxanne (Elf:2)
  4 fire giants
  4 deep elf sorcerers
  A draconian knight (Zot:1)
  4 emperor scorpions
  The ghost of croobank the Necromancer, an adept FeSu of Jiyva (Spider:3)
  3 iron dragons
  A balrug (Depths:4)
  Louise (Spider:2)
  A frost giant (Depths:1)
  12 vault wardens
  An angel (Abyss:2)
  4 deep elf elementalists
  2 draconian scorchers (Zot:1)
  A draconian stormcaller (Depths:4)
  5 spectral caustic shrikes (Depths:3)
  3 ghost moths
  3 reapers (Depths:3)
  3 orc warlords
  A formless jellyfish (Vaults:1)
  13 very ugly things
  3 broodmothers
  5 ironbound thunderhulks
  12 ironbound preservers
  12 stone giants
  2 green draconians
  4 vampire knights
  10 deep elf death magi
  5 deep elf annihilators
  6 black draconians
  A purple draconian (Depths:4)
  23 dire elephants
  10 deep elf demonologists
  2 lorocyprocas
  2 war gargoyles (Depths:2)
  25 starcursed masses (Abyss:2)
  6 spark wasps
  4 yellow draconians
  An eidolon (Abyss:2)
  5 ettins
  2 white draconians (Zot:1)
  9 fire dragons
  2 merfolk impalers
  3 blizzard demons (Depths:4)
  4 entropy weavers
  7 merfolk javelineers
  9 crystal guardians
  Josephine (Lair:4)
  4 deep elf high priests
  5 great orbs of eyes
  4 yaktaur captains
  A hell beast (Depths:2)
  7 rakshasas
  3 ice dragons
  2 salamander tyrants (Depths:2)
  2 hydras
  The ghost of VoidStrider the Thaumaturge, a journeyman OnFE (D:9)
  8 vault guards
  2 peacekeepers
  3 radroaches
  4 merfolk avatars
  A spriggan skeleton (Hell)
  5 jorogumos
  11 centaur warriors
  A spriggan air mage (Depths:2)
  6 ironbound frosthearts
  An ogre mage (Abyss:4)
  4 catoblepae
  10 boulder beetles
  20 dancing weapons
  4 two-headed ogres
  A two-headed ogre (shapeshifter) (D:15)
  9 deep troll shamans
  2 alligator snapping turtles
  8 tengu warriors
  4 merfolk aquamancers
  15 deep troll earth magi
  2 satyrs (Shoals:4)
  12 death yaks
  A sphinx skeleton (Depths:3)
  A vampire mage (D:15)
  6 demonic crawlers
  2 hell hogs (Depths:2)
  6 spriggan berserkers
  Urug (Lair:4)
  A storm dragon zombie (Vaults:2)
  4 orc high priests
  2 thrashing horrors (Abyss:2)
  4 sun demons
  6 hell knights
  A soul eater (Depths:3)
  10 deep elf knights
  4 wretched stars
  A fire crab (Lair:5)
  A salamander mystic (Depths:4)
  4 skysharks
  6 iron trolls
  3 pharaoh ants
  6 glowing orange brains
  11 sea snakes
  59 deep trolls
  A shadow demon (Depths:3)
  3 flayed ghosts
  16 lindwurms
  2 swamp dragons (Depths:2)
  15 orb spiders
  2 lindwurms (shapeshifter)
  10 deep elf archers
  9 sun moths
  10 steelbarb worms
  17 harpies
  11 ironbound convokers
  Pikel (D:7)
  A shadow dragon zombie (Depths:3)
  7 arcanists
  7 necromancers
  14 orc knights
  2 phantasmal warriors (Depths:4)
  25 deep elf pyromancers
  18 deep elf zephyrmancers
  12 wolf spiders
  An iron dragon zombie (Hell)
  45 ugly things
  8 fauns (Shoals:2)
  20 manticores
  A frost giant zombie (Vaults:1)
  A fire giant zombie (Vaults:2)
  4 orc sorcerers
  12 cyclopes
  3 salamanders (Depths:3)
  12 moths of wrath
  15 large abominations
  A frost giant skeleton (Vaults:4)
  9 merfolk sirens
  An iron dragon skeleton (Hell)
  2 kobold blastminers
  A moth of wrath (shapeshifter) (Vaults:4)
  2 worldbinders (Abyss:2)
  6 meliai
  7 elephants
  4 black mambas
  8 water nymphs
  An apocalypse crab (Shoals:3)
  3 molten gargoyles
  13 vault sentinels
  8 torpor snails
  A rust devil (Depths:3)
  11 smoke demons
  An eye of devastation (Lair:5)
  Maggie (D:7)
  A gargoyle (D:13)
  2 orange demons (Abyss:2)
  4 hellions
  17 cane toads
  A freezing wraith (Abyss:2)
  An unseen horror (D:12)
  4 kobold demonologists
  A human zombie (Vaults:4)
  A yaktaur zombie (Vaults:3)
  3 rime drakes
  28 yaktaurs
  A tengu conjurer (D:14)
  A golden dragon simulacrum (Vaults:3)
  A tormentor (Abyss:2)
  An efreet (D:14)
  5 ice devils
  9 komodo dragons
  A red devil (Depths:3)
  5 trolls
  A queen bee (D:11)
  42 merfolk
  2 hellwings
  4 polar bears
  28 tarantellas
  A yaktaur skeleton (Vaults:3)
  A merfolk (shapeshifter) (Depths:2)
  4 hornets
  2 glass eyes
  5 saltlings (Orc:2)
  7 wind drakes
  A human simulacrum (Vaults:3)
  A harpy skeleton (Abyss:2)
  24 dream sheep
  4 raiju
  15 blink frogs
  2 ettin zombies
  A dream sheep (shapeshifter) (Elf:3)
  11 snapping turtles
  A glass eye (shapeshifter) (Depths:1)
  27 jumping spiders
  37 slime creatures
  2 ettin skeletons
  2 spriggans (Depths:4)
  19 culicivoras
  16 water elementals
  4 air elementals (Elf:1)
  2 fire elementals
  A shadow (D:11)
  2 wyverns
  A vampire (D:13)
  5 ynoxinuls
  31 yaks
  7 wraiths
  2 neqoxecs (Abyss:2)
  4 fire bats (Abyss:4)
  A steam dragon (Lair:2)
  5 vampire mosquitoes
  A yaktaur simulacrum (Vaults:2)
  9 basilisks
  4 wargs
  54 redbacks
  A glowing shapeshifter zombie (Vaults:1)
  7 chaos spawn
  4 acid dragons
  2 hell hounds (Orc:2)
  14 water moccasins
  3 ice beasts
  3 sky beasts
  3 black bears
  An ogre skeleton (Vaults:1)
  A black bear (shapeshifter) (D:15)
  9 ogres
  36 orc warriors
  2 laughing skulls (D:13)
  28 wolves
  21 centaurs
  8 boggarts
  3 human skeletons
  A phantom (D:5)
  A weeping skull (Abyss:2)
  13 bullfrogs
  6 kobold brigands
  A gnoll sergeant (Orc:1)
  2 brain worms (Abyss:2)
  5 earth elementals
  A glowing shapeshifter simulacrum (Depths:3)
  5 small abominations (Abyss:2)
  3 scorpions
  12 wights
  13 killer bees
  7 howler monkeys
  8 electric eels
  A crimson imp (Abyss:2)
  2 iron imps
  A bombardier beetle (D:6)
  8 hounds
  3 jellies
  4 quasits (Abyss:2)
  Crazy Yiuf (D:5)
  19 orc priests
  A gnoll bouda (D:9)
  2 sleepcaps
  3 iguanas
  29 orc wizards
  A centaur simulacrum (D:9)
  9 gnolls
  6 adders
  3 white imps
  A howler monkey simulacrum (D:9)
  5 ufetubi
  3 dart slugs
  3 ribbon worms
  102 orcs
  12 endoplasms
  8 giant cockroaches
  6 goblins
  6 hobgoblins
  5 jackals
  4 quokkas
  12 ball pythons
  4 bats
  8 frilled lizards
  26 kobolds
  6 rats
  5 starspawn tentacles (Abyss:2)
  3 tentacles
2008 creatures vanquished.

Vanquished Creatures (collateral kills)
  2 doom hounds (Depths:3)
  A tentacled monstrosity (Depths:3)
  A titan (Depths:3)
  Grunn (Depths:3)
  2 tentacled starspawn (Abyss:2)
  A storm dragon (Zot:1)
  A fire giant (Depths:2)
  Ilsuiw (Shoals:3)
  A green death (Abyss:2)
  2 blizzard demons
  A fire dragon (Depths:1)
  A salamander tyrant (Depths:2)
  An ice dragon (Abyss:4)
  A radroach (Spider:2)
  A hell hog (Depths:2)
  An occultist (Depths:2)
  4 hell knights (Depths:2)
  2 wretched stars (Abyss:2)
  A spark wasp zombie (Depths:3)
  A deep elf archer (Elf:2)
  A tengu zombie (Depths:3)
  A will-o-the-wisp (Abyss:4)
  A merfolk siren (Shoals:3)
  A smoke demon (Abyss:2)
  3 large abominations
  A hellion (Depths:4)
  A harpy zombie (Abyss:2)
  A merfolk (Shoals:3)
  3 raiju (Abyss:2)
  A fire bat (Abyss:4)
  A redback (Spider:2)
  A chaos spawn (Abyss:2)
  2 small abominations (Abyss:2)
  6 laughing skulls (Abyss:2)
  3 weeping skulls
  A brain worm (Abyss:2)
  A quasit (Abyss:2)
  18 starcursed masses (Abyss:2)
  2 white imps (Abyss:2)
  An ufetubus (Abyss:2)
  A starspawn tentacle (Abyss:2)
78 creatures vanquished.

Vanquished Creatures (others)
  A draconian stormcaller (Depths:4)
  A green draconian (Zot:1)
  An ogre mage (Abyss:4)
  2 deep elf knights
  A shadow wraith (Vaults:1)
  A wretched star (Abyss:2)
  2 deep elf pyromancers
  A deep elf zephyrmancer (Depths:2)
  A merfolk siren (Shoals:4)
  A merfolk (Shoals:4)
  A fire bat (Abyss:4)
  4 chaos spawn (Abyss:4)
  4 foxfires (Abyss:4)
  19 starspawn tentacles
  18 tentacles
58 creatures vanquished.

Grand Total: 2144 creatures vanquished

Notes
Turn   | Place    | Note
-------+----------+-------------------------------------------
     0 | D:1      | BeingJoeMalik the Naga Fighter began the quest for the Orb.
     0 | D:1      | Reached XP level 1. HP: 21/21 MP: 1/1
   272 | D:1      | Reached XP level 2. HP: 28/28 MP: 2/2
   359 | D:1      | Reached skill level 1 in Long Blades
   495 | D:1      | Found a faded altar of an unknown god.
   845 | D:2      | Reached XP level 3. HP: 34/34 MP: 3/3
  1256 | D:3      | Found a burning altar of Makhleb.
  1263 | D:3      | Became a worshipper of Makhleb the Destroyer
  1520 | D:3      | Reached XP level 4. HP: 42/42 MP: 4/4
  2051 | D:4      | Noticed a scorpion
  2058 | D:4      | Killed a scorpion
  2059 | D:4      | Reached XP level 5. HP: 42/49 MP: 5/5
  2153 | D:4      | Reached * piety under Makhleb
  2367 | D:3      | Reached skill level 5 in Long Blades
  2455 | D:3      | Reached XP level 6. HP: 54/56 MP: 6/6
  3204 | D:4      | Found a broken altar of Ashenzari.
  3326 | D:5      | Entered Level 5 of the Dungeon
  3457 | D:4      | HP: 2/56 [iguana (5)]
  3674 | D:5      | Found a glowing drain.
  3691 | Sewer    | Entered a sewer
  3805 | Sewer    | Reached ** piety under Makhleb
  3846 | Sewer    | Reached XP level 7. HP: 62/62 MP: 7/7
  3874 | Sewer    | Found a viscous altar of Jiyva.
  4042 | D:5      | Found a sparkling altar of Nemelex Xobeh.
  4066 | D:5      | Found a shimmering blue altar of Sif Muna.
  4610 | D:5      | Found a runed translucent door.
  4611 | D:5      | Noticed Crazy Yiuf
  4636 | D:5      | Killed Crazy Yiuf
  4741 | D:5      | Identified the +6 hammer "Saghauho" {holy, ^Contam rPois
                  | rC+++ Int+2}
  4914 | D:6      | Found a stormy altar of Qazlal.
  4922 | D:6      | Reached XP level 8. HP: 69/69 MP: 8/8
  5490 | D:6      | Found a sacrificial altar of Ru.
  5646 | D:6      | Reached skill level 4 in Fighting
  5901 | D:7      | Noticed Maggie
  5907 | D:6      | Reached *** piety under Makhleb
  6106 | D:7      | Reached skill level 10 in Long Blades
  6143 | D:7      | Reached XP level 9. HP: 36/78 MP: 9/9
  6342 | D:7      | Killed Maggie
  6343 | D:7      | Reached skill level 5 in Fighting
  6520 | D:7      | Found a basalt altar of Yredelemnul.
  6630 | D:7      | Found an ancient bone altar of Kikubaaqudgha.
  6630 | D:7      | Found a blossoming altar of Fedhas.
  6707 | D:7      | Found a staircase to the Ecumenical Temple.
  6723 | D:7      | Noticed Pikel
  6735 | D:7      | Killed Pikel
  6740 | Temple   | Entered the Ecumenical Temple
  6982 | D:8      | You are sucked into a shaft and drop 2 floors!
  6982 | D:10     | Entered Level 10 of the Dungeon
  6982 | D:10     | Found a portal to a secret trove of treasure.
  7178 | D:8      | Noticed a troll
  7188 | D:9      | Killed a troll
  7189 | D:9      | Reached skill level 6 in Fighting
  7610 | D:8      | Noticed a hornet
  7626 | D:7      | Reached XP level 10. HP: 54/92 MP: 10/10
  8230 | D:8      | Found a staircase to the Lair.
  8587 | D:8      | Noticed a +0 hand axe
  8587 | D:8      | Noticed a +0 dagger
  8592 | D:8      | Found a hide-covered altar of Uskayaw.
  8722 | D:8      | Found Hoses's Antique Armour Shoppe.
  8730 | D:8      | Reached skill level 7 in Fighting
  8733 | D:8      | Bought an embroidered hat for 168 gold pieces
  9515 | D:9      | Noticed a two-headed ogre
  9515 | D:9      | Found Jicvahea's Distillery.
  9521 | D:9      | Killed a two-headed ogre
  9522 | D:9      | Noticed a kobold demonologist
  9552 | D:9      | Killed a kobold demonologist
  9555 | D:9      | Bought a potion of heal wounds for 60 gold pieces
  9687 | D:9      | Noticed a cyclops
  9709 | D:9      | Killed a cyclops
  9719 | D:9      | Reached **** piety under Makhleb
  9724 | D:9      | Found a staircase to the Orcish Mines.
  9853 | D:9      | Reached skill level 8 in Fighting
  9853 | D:9      | Reached XP level 11. HP: 90/103 MP: 11/11
 10047 | D:9      | Found a glowing golden altar of the Shining One.
 10090 | D:9      | Noticed VoidStrider's ghost (journeyman OnFE)
 10174 | D:9      | Found a runed translucent gate.
 10174 | D:9      | Found a runed translucent gate.
 10174 | D:9      | Found a runed translucent gate.
 10828 | D:10     | Found a snail-covered altar of Cheibriados.
 11074 | D:10     | Reached skill level 5 in Shields
 11084 | D:10     | Reached ***** piety under Makhleb
 11512 | Lair:1   | Entered Level 1 of the Lair of Beasts
 11593 | Lair:1   | Reached skill level 1 in Dodging
 11670 | Lair:1   | Reached skill level 9 in Fighting
 12500 | Lair:1   | Reached skill level 10 in Fighting
 12889 | Lair:2   | Found a transporter.
 12894 | Lair:2   | Noticed a rakshasa
 12894 | Lair:2   | Noticed a red ugly thing
 12902 | Lair:2   | Noticed a large abomination
 12906 | Lair:2   | Noticed a worldbinder
 12915 | Lair:2   | Found a one-way gate to the infinite horrors of the Abyss.
 13045 | Lair:2   | Noticed zenocrate's ghost (journeyman VSEn)
 13157 | Lair:2   | Reached XP level 12. HP: 56/117 MP: 12/12
 13430 | Lair:2   | Reached skill level 11 in Fighting
 13490 | Lair:2   | Found a hole to the Spider Nest.
 13548 | Lair:2   | Found a transporter.
 14125 | Lair:3   | Noticed a death yak
 14221 | Orc:1    | Entered Level 1 of the Orcish Mines
 14309 | Orc:2    | Entered Level 2 of the Orcish Mines
 14318 | Orc:2    | Found a staircase to the Elven Halls.
 15080 | Orc:1    | Reached skill level 12 in Fighting
 15275 | Orc:1    | Found Janesij's Assorted Antiques.
 15276 | Orc:1    | Noticed an orc high priest
 15555 | Orc:2    | Killed an orc high priest
 16132 | Orc:1    | Reached ****** piety under Makhleb
 16236 | Orc:2    | Reached skill level 5 in Dodging
 16536 | Orc:2    | Gained mutation: You can use your snake-like lower body to
                  | constrict enemies. [Naga growth]
 16536 | Orc:2    | Reached XP level 13. HP: 72/120 MP: 13/13
 16543 | Orc:2    | Paralysed by an orc sorcerer for 5 turns
 16760 | Orc:2    | Reached skill level 13 in Fighting
 16950 | Orc:2    | Found Weuthrep's Magic Scroll Shoppe.
 16963 | Orc:2    | Found Joibb's Antique Armour Shoppe.
 17152 | Orc:2    | Found Zuipun's Weapon Shop.
 17203 | Orc:2    | Found Deatism's Armour Shoppe.
 17667 | D:11     | Reached skill level 1 in Invocations
 18588 | D:12     | Found Maits's Jewellery Shoppe.
 19193 | D:12     | Reached skill level 14 in Fighting
 19225 | D:12     | Found a corrupted altar of Lugonu.
 19508 | D:12     | Bought an amulet of guardian spirit for 420 gold pieces
 19508 | D:12     | Bought a ring of willpower for 350 gold pieces
 20050 | D:13     | Reached XP level 14. HP: 142/145 MP: 15/17
 20179 | D:13     | Found a gate to the Vaults.
 20607 | D:14     | Reached skill level 1 in Short Blades
 20663 | D:14     | Reached skill level 5 in Invocations
 21196 | D:14     | Reached skill level 10 in Shields
 21257 | D:14     | Reached skill level 15 in Fighting
 22197 | Lair:3   | Got Asmodeus's Incunable of Power and Support
 22784 | Lair:4   | Noticed Urug
 22801 | Lair:4   | Noticed Rupert
 22804 | Lair:4   | Killed Urug
 22874 | Lair:4   | Noticed Josephine
 22940 | Lair:3   | Paralysed by Rupert for 2 turns
 22953 | Lair:3   | Killed Rupert
 23067 | Lair:4   | Reached XP level 15. HP: 134/154 MP: 14/20
 23269 | Lair:4   | Killed Josephine
 23715 | Lair:5   | Entered Level 5 of the Lair of Beasts
 24149 | Lair:4   | Reached skill level 16 in Fighting
 24160 | Lair:5   | Reached skill level 5 in Armour
 24501 | Lair:5   | Found a viscous altar of Jiyva.
 24502 | Lair:5   | Found a staircase to the Slime Pits.
 25609 | Spider:1 | Entered Level 1 of the Spider Nest
 26003 | Spider:1 | Reached XP level 16. HP: 166/166 MP: 22/22
 27228 | Spider:2 | Reached skill level 17 in Fighting
 27837 | Spider:2 | Noticed Louise
 27857 | Spider:2 | Killed Louise
 29122 | Spider:2 | Reached skill level 10 in Invocations
 30566 | Spider:3 | Found a runed translucent door.
 30570 | Spider:3 | Noticed croobank's ghost (adept FeSu)
 30831 | Spider:3 | Reached XP level 17. HP: 177/177 MP: 24/24
 31082 | Spider:4 | Entered Level 4 of the Spider Nest
 31592 | Spider:3 | Identified a scroll of acquirement
 32263 | Spider:4 | Reached skill level 18 in Fighting
 32866 | Spider:4 | Got a gossamer rune of Zot
 33190 | Spider:4 | Identified the amulet of Gengelee {Regen+ Str+3}
 33558 | Elf:1    | Entered Level 1 of the Elven Halls
 33759 | Orc:2    | Bought the +9 scales of the Dragon King {rPois rF+ rC+
                  | Will+} for 1872 gold pieces
 33759 | Orc:2    | Found the +9 scales of the Dragon King {rPois rF+ rC+
                  | Will+}
 34180 | Elf:1    | Paralysed by an air elemental for 1 turns
 34184 | Elf:1    | Paralysed by an air elemental for 1 turns
 34190 | Elf:1    | Paralysed by an air elemental for 1 turns
 34223 | Elf:1    | Paralysed by an air elemental for 1 turns
 34228 | Elf:1    | Paralysed by an air elemental for 1 turns
 34233 | Elf:1    | Paralysed by an air elemental for 1 turns
 34238 | Elf:1    | Paralysed by an air elemental for 1 turns
 34243 | Elf:1    | Paralysed by an air elemental for 1 turns
 34518 | Elf:1    | Paralysed by an air elemental for 1 turns
 34520 | Elf:1    | Paralysed by an air elemental for 1 turns
 34834 | Elf:1    | Found Xacur's Magic Scroll Emporium.
 34960 | Elf:1    | HP: 8/181 [+2 halberd of venom (21)]
 35841 | Elf:2    | Identified the granite talisman of the Raven {rC+}
 35841 | Elf:2    | Noticed Roxanne
 35863 | Elf:2    | Killed Roxanne
 35934 | Elf:2    | Reached XP level 18. HP: 189/189 MP: 26/26
 36651 | Elf:2    | Found a runed translucent gate.
 36652 | Elf:2    | Found a runed translucent gate.
 36652 | Elf:2    | Found a runed translucent gate.
 36697 | Elf:2    | Found Vegho's Armour Shop.
 36750 | Elf:2    | Found Tazithume's Magic Scroll Shoppe.
 36752 | Elf:2    | Found Xodobaon's Jewellery Emporium.
 36755 | Elf:2    | Found Noazxese's Armour Shoppe.
 37310 | Elf:1    | Upgraded the game from 0.31-a0-1616-gbeaec30b81 to
                  | 0.32-a0-17-gb74e046682
 37455 | Shoals:1 | Entered Level 1 of the Shoals
 37741 | Shoals:1 | Reached skill level 1 in Stealth
 38311 | Shoals:1 | Found Jecoth's Antique Weapon Shop.
 38716 | Shoals:1 | Reached skill level 15 in Shields
 39003 | Shoals:2 | Identified the +6 hand axe of the Philosopher {freeze,
                  | Will+}
 39979 | Shoals:3 | Reached skill level 19 in Fighting
 40117 | Shoals:3 | Reached skill level 5 in Stealth
 40218 | Shoals:3 | Reached skill level 10 in Armour
 40229 | Shoals:3 | Noticed Ilsuiw
 40265 | Shoals:3 | Killed Ilsuiw
 40543 | Shoals:3 | Noticed Jorgrun
 40555 | Shoals:3 | Killed Jorgrun
 40706 | Shoals:3 | Found a runed translucent door.
 40726 | Shoals:4 | Entered Level 4 of the Shoals
 40746 | Shoals:3 | Found a corrupted altar of Lugonu.
 40772 | Shoals:3 | Noticed Mara
 41019 | D:15     | Entered Level 15 of the Dungeon
 41059 | D:14     | Reached XP level 19. HP: 199/199 MP: 26/28
 41197 | D:15     | Identified the ring "Forget-Me-Not" {rC+ rCorr Str-5 Dex+5}
 41262 | D:15     | Found Voru's Assorted Antiques.
 41334 | D:15     | Found Feergh's Distillery.
 41339 | D:15     | Bought a potion of enlightenment for 85 gold pieces
 41359 | D:15     | Found Sobuickimp's General Store.
 41467 | D:15     | Found Zackimuu's Antique Armour Emporium.
 41612 | D:15     | Found Mamif's General Store.
 41618 | D:15     | Bought a potion of heal wounds for 85 gold pieces
 41737 | D:15     | Found a staircase to the Depths.
 41863 | D:15     | Identified the +1 ring mail "Uzuirot" {Slay+3}
 42446 | Shoals:3 | Noticed Polyphemus
 42470 | Shoals:3 | Killed Polyphemus
 43451 | Shoals:4 | Got a barnacled rune of Zot
 43656 | Shoals:4 | Identified the +4 hand axe of Truncation {freeze, rPois}
 44299 | Shoals:4 | Identified the +1 crystal plate armour "Omublamn" {+Blink
                  | Slay+6}
 44565 | D:9      | Killed VoidStrider's ghost
 44827 | Spider:3 | Killed croobank's ghost
 45108 | Vaults:1 | Entered Level 1 of the Vaults
 45145 | Vaults:1 | Reached skill level 15 in Long Blades
 45737 | Vaults:1 | Reached XP level 20. HP: 208/210 MP: 27/30
 47143 | Vaults:2 | Found Xialeniz's Assorted Antiques.
 47171 | Vaults:2 | Reached skill level 20 in Fighting
 47480 | Vaults:2 | Found a flickering gateway to a bazaar.
 47494 | Bazaar   | Entered a bazaar
 47494 | Bazaar   | Found Kywnanih's Distillery.
 47501 | Bazaar   | Found Laskoawn's Antique Weapon Boutique.
 47509 | Bazaar   | Found Juuptaisch's Book Boutique.
 47520 | Bazaar   | Found Voulun's Antique Armour Emporium.
 47531 | Bazaar   | Found Vyutteop's General Store.
 47562 | Bazaar   | Bought a potion of resistance for 180 gold pieces
 47562 | Bazaar   | Bought a potion of curing for 54 gold pieces
 47562 | Bazaar   | Bought 2 potions of curing for 108 gold pieces
 47562 | Bazaar   | Bought a potion of curing for 54 gold pieces
 47562 | Bazaar   | Bought a potion of brilliance for 72 gold pieces
 47592 | Bazaar   | Bought a twisted ring mail for 297 gold pieces
 47592 | Bazaar   | Identified the +1 ring mail "Neditiad" {Str+4} (You bought
                  | it in a shop in a bazaar)
 47720 | Vaults:2 | Reached skill level 15 in Invocations
 47829 | Vaults:2 | Identified the +4 kite shield of Akoystrau {Fly rPois rF+
                  | Int+3}
 47829 | Vaults:2 | Noticed Donald
 47852 | Vaults:2 | Killed Donald
 47908 | Vaults:2 | Identified the +0 short sword "Eruat" {distort, rC+}
 48414 | Vaults:2 | Noticed Mennas
 48433 | Vaults:2 | Killed Mennas
 48434 | Vaults:2 | Reached XP level 21. HP: 205/220 MP: 28/32
 48716 | Vaults:2 | Found a staircase to the Crypt.
 48716 | Vaults:2 | Found a basalt altar of Yredelemnul.
 48717 | Vaults:2 | Found an ancient bone altar of Kikubaaqudgha.
 50718 | Vaults:3 | You fall into a shaft and drop 1 floor!
 53222 | Orc:2    | Bought a +0 barding for 345 gold pieces
 53338 | Elf:3    | Entered Level 3 of the Elven Halls
 53404 | Elf:3    | Found a runed translucent gate.
 53404 | Elf:3    | Found a runed translucent gate.
 53406 | Elf:3    | Found a runed translucent gate.
 53924 | Elf:3    | Reached XP level 22. HP: 222/230 MP: 34/34
 54471 | Elf:3    | Gained mutation: Your spells are a little easier to cast,
                  | but a little less powerful. [a cacodemon]
 54765 | Elf:3    | Found Myask's Jewellery Emporium.
 55308 | Elf:3    | Identified the ring of the Circus Animal {Fire rPois Int+2}
 55314 | Elf:3    | Identified the +8 mace of the Disturbing Beasts {pain,
                  | SInv}
 56424 | Elf:2    | Reached skill level 21 in Fighting
 56547 | Elf:3    | Got the Spellbook of Nonlocality
 56597 | Elf:3    | Identified the +9 mace of the Hawk {pain, +Blink rPois rF-
                  | Will++}
 56597 | Elf:3    | Identified the +2 robe of Supple Strength {*Corrode Str+2
                  | Int+2 Archmagi}
 56639 | Elf:3    | Identified the staff of the Nurturing Big Fish {Int+6
                  | Earth}
 56996 | D:10     | You paid a toll of 2 scrolls of acquirement to enter a
                  | treasure trove
 56997 | Trove    | Entered a treasure trove
 57004 | Trove    | Identified the staff "Niutuag" {*Slow rPois rF+ rN++ Tloc
                  | Alchemy}
 57009 | Trove    | Identified the +5 barding of the Game Afoot {rPois rN+
                  | Will+}
 57033 | Trove    | Identified the +2 barding "Ceomeeq" {rN+ Will- Str+9
                  | Stlth-}
 57038 | Trove    | Identified the +1 crystal plate armour of the Little Devil
                  | {Stlth+}
 57051 | Trove    | Identified the +1 robe "Laickuv" {^Drain Will- Regen+
                  | Str+8}
 57224 | Depths:1 | Entered Level 1 of the Depths
 57224 | Depths:1 | Found Geimoumo's Magic Scroll Emporium.
 57226 | Depths:1 | Found Linleu's Assorted Antiques.
 57226 | Depths:1 | Found Emuruhad's Assorted Antiques.
 57339 | Depths:1 | Found Lonezus's Antique Weapon Shoppe.
 57344 | Depths:1 | Bought a scroll labelled PITEV PELA for 28 gold pieces
 57459 | Depths:1 | You fall into a shaft and drop 1 floor!
 57460 | Depths:2 | Found a gateway to Hell.
 58135 | Depths:1 | Identified the +4 quarterstaff of the Grim God {flame,
                  | rPois rC+ rN+ Dex-5}
 58368 | Depths:1 | Found Basmara's Book Shoppe.
 58411 | Depths:1 | Found an ornate altar of the Wu Jian Council.
 58426 | Depths:1 | Found a one-way gateway to a ziggurat.
 58763 | Depths:1 | Reached XP level 23. HP: 195/240 MP: 29/35
 58763 | Depths:1 | Noticed Boris
 58778 | Depths:1 | Killed Boris
 59483 | Depths:2 | Found a one-way gate leading to the halls of Pandemonium.
 60201 | Depths:2 | Noticed a golden dragon
 60208 | Depths:2 | Killed a golden dragon
 60405 | Depths:2 | Identified the staff of the Flying Gods {rElec rN+ Air}
 60625 | Depths:2 | Identified the +6 flail of Vuoha {drain, *Corrode Will+
                  | Dex+4}
 61026 | Depths:2 | Identified the ring "Amyacuat" {rF+ Will+}
 61085 | Depths:2 | Got The Advanced Guide to Incantation
 61596 | Depths:3 | Noticed Grunn
 61618 | Depths:3 | Killed Grunn
 61826 | Depths:4 | Entered Level 4 of the Depths
 61905 | Depths:3 | Noticed a golden dragon
 61928 | Depths:3 | Killed a golden dragon
 62733 | Depths:3 | Reached XP level 24. HP: 246/252 MP: 34/35
 63137 | Hell     | Entered the Vestibule of Hell
 63137 | Hell     | Noticed Geryon
 64332 | Hell     | Killed Geryon
 64630 | Depths:4 | Reached skill level 10 in Dodging
 66172 | Depths:4 | Found a gate to the Realm of Zot.
 66361 | Depths:4 | Found a bloodstained altar of Trog.
 66476 | Depths:4 | Identified the ring "Hadoluon" {rF- Will+ rCorr Int+6
                  | Slay-3}
 66481 | Depths:4 | Got the Papyrus of the Sandy Bonfire
 66781 | Depths:3 | Voluntarily entered the Abyss.
 66798 | Abyss:1  | Found a corrupted altar of Lugonu.
 66806 | Abyss:1  | Found a corrupted altar of Lugonu.
 66806 | Abyss:1  | Found a corrupted altar of Lugonu.
 67139 | Abyss:2  | Paralysed by accursed screaming for 1 turns
 67196 | Abyss:2  | Reached skill level 22 in Fighting
 67400 | Abyss:2  | Gained mutation: You are extremely vulnerable to cold.
                  | (rC---) [a neqoxec]
 67714 | Abyss:2  | Found a corrupted altar of Lugonu.
 67784 | Abyss:2  | Paralysed by accursed screaming for 1 turns
 67890 | Abyss:2  | Found a shimmering altar of Xom.
 67891 | Abyss:2  | Found a shimmering altar of Xom.
 67891 | Abyss:2  | Found a shimmering altar of Xom.
 67891 | Abyss:2  | Found a shimmering altar of Xom.
 67893 | Abyss:2  | Found a corrupted altar of Lugonu.
 67893 | Abyss:2  | Found a shimmering altar of Xom.
 67893 | Abyss:2  | Found a shimmering altar of Xom.
 67894 | Abyss:2  | Found a shimmering altar of Xom.
 67894 | Abyss:2  | Found a shimmering altar of Xom.
 67895 | Abyss:2  | Found a shimmering altar of Xom.
 67895 | Abyss:2  | Found a shimmering altar of Xom.
 67895 | Abyss:2  | Found a shimmering altar of Xom.
 67896 | Abyss:2  | Found a shimmering altar of Xom.
 67896 | Abyss:2  | Found a shimmering altar of Xom.
 67896 | Abyss:2  | Found a shimmering altar of Xom.
 67896 | Abyss:2  | Found a shimmering altar of Xom.
 67896 | Abyss:2  | Found a shimmering altar of Xom.
 67911 | Abyss:2  | Found a shimmering altar of Xom.
 68070 | Abyss:2  | Paralysed by accursed screaming for 2 turns
 68084 | Abyss:2  | Paralysed by accursed screaming for 2 turns
 68098 | Abyss:4  | Found a corrupted altar of Lugonu.
 68135 | Abyss:4  | Reached XP level 25. HP: 60/208 MP: 8/36
 68144 | Abyss:4  | Noticed a dread lich
 68149 | Abyss:4  | Found a corrupted altar of Lugonu.
 68149 | Abyss:4  | Noticed an ancient lich
 68154 | Abyss:4  | Got an abyssal rune of Zot
 68169 | Abyss:4  | Killed a dread lich
 68176 | Abyss:4  | Noticed an ancient lich
 68250 | Depths:3 | Escaped the Abyss
 68517 | Depths:3 | Lost mutation: Your spells are a little easier to cast, but
                  | a little less powerful. [potion of mutation]
 68517 | Depths:3 | Lost mutation: You are vulnerable to cold. (rC-) [potion of
                  | mutation]
 68517 | Depths:3 | Gained mutation: You sometimes lose the ability to read
                  | scrolls when taking damage. [potion of mutation]
 68517 | Depths:3 | Gained mutation: You possess an exceptional clarity of
                  | mind. [potion of mutation]
 68589 | Zot:1    | Entered Level 1 of the Realm of Zot
 68847 | D:15     | Bought a potion of heal wounds for 85 gold pieces
 68847 | D:15     | Bought a potion of heal wounds for 85 gold pieces
 69088 | Zot:1    | Identified the +4 orcbow "Olipiw" {drain, ^Fragile rN+
                  | Str+5}
 70138 | Zot:1    | HP: 13/260 [white draconian/+0 halberd (8)]
 70139 | Zot:1    | HP: 1/260 [tentacled monstrosity (10)]
 70139 | Zot:1    | Killed from afar by a black draconian knight

Illustrated notes

Levels and vault maps discovered:
D:1:      amcnicky_arrival_abandoned_market, layout_loops_ring,
          dreamdust_ecumenical_altar_hidden_monk_grotto, minivault_24,
          nicolae_the_louvre
D:2:      layout_basic
D:3:      layout_rooms, lemuel_round_altar, minmay_fractal_squares_gapless_5
D:4:      layout_basic, marbit_many_paths, kennysheep_generic_room_4
D:5:      layout_basic, mainiacjoe_overflow_big_doors, portal_sewer_entry_b,
          uniq_crazy_yiuf_cottage
D:6:      layout_basic, nicolae_qazlal_beasts_of_the_sky,
          mainiacjoe_overflow_small_starburst
D:7:      layout_loops_ring, grunt_temple_overflow_growth_and_decay,
          mainiacjoe_overflow_cross_hatched, minmay_temple_entry_steel_oval,
          uniq_maggie, uniq_pikel
D:8:      layout_gridville, dancing_weapons_uskayaw, erik_lair_island,
          serial_shops, shop
D:9:      layout_irregular_city, tso_oasis_becter, erik_orc_3,
          gammafunk_ghost_icy, serial_shops, nicolae_shop_stone
D:10:     layout_basic, old_standard_altar, enter_trove_6
D:11:     layout_irregular_city, nicolae_looking_at_the_future
D:12:     layout_roguey [special_room_orc], serial_shops,
          nicolae_shop_real_fake_doors, marbit_kobold_abyssish
D:13:     layout_roguey, erik_vaults_1
D:14:     layout_loops_ring
D:15:     gammafunk_enter_depths_forms, layout_basic, serial_shops,
          nicolae_shop_industrial_runoff, shop, nicolae_shop_waterfront,
          nicolae_shop_stone, nicolae_square_shop,
          chequers_serial_rivers_small_a
Temple:   hellmonk_temple_micro_hex
Lair:1:   layout_small_grid
Lair:2:   layout_big_grid, nicolae_shoals_entry_flooding,
          hellmonk_spider_entry_life_and_decay, gammafunk_ghost_abyssal_escape,
          ldierk_geyser
Lair:3:   layout_hall_layers, wad_woods_river_03, beast_lair_carwin_1,
          grunt_megastairs_1
Lair:4:   layout_gridlike, serial_bayou_crossing, grunt_megastairs_2,
          infiniplex_staircase_pool_2, uniq_josephine, uniq_urug, uniq_rupert
Lair:5:   evilmike_catoblepas_cave, layout_regular_city,
          minmay_slime_entry_eyes, serial_rivers,
          chequers_serial_rivers_micro_e, chequers_serial_rivers_marsh,
          chequers_serial_rivers_room_a, chequers_serial_rivers_micro_e,
          chequers_serial_rivers_micro_e, hellmonk_talismancer
Shoals:1: layout_shoals, serial_shops, shop
Shoals:2: layout_shoals, nicolae_shoals_former_cling_halls
Shoals:3: layout_shoals, nicolae_shoals_abyss_on_the_beach, uniq_ilsuiw,
          uniq_jorgrun, uniq_polyphemus, uniq_mara
Shoals:4: shoals_end_hangedman, layout_shoals, nicolae_shoals_wave_tunnel
Spider:1: layout_cave_pods
Spider:2: layout_spider_delve, hellmonk_test_site, uniq_louise
Spider:3: layout_spider_delve, hellmonk_ghost_happy_afterlife,
          hellmonk_watch_for_rolling_rocks
Spider:4: grunt_spider_rune_island
Orc:1:    layout_diamond_mine, serial_shops, shop, sword_in_stone
Orc:2:    hellmonk_orc_salted, layout_caves, enter_volcano_3
Elf:1:    layout_geoelf_octagon, serial_shops, nicolae_shop_rolled_up,
          evilmike_minifort
Elf:2:    nicolae_elf_blades_crystal_corner, layout_loops_corners, serial_shops,
          nicolae_shop_scrapyard, serial_library_hellmonk_h_bend,
          minmay_shop_star, uniq_roxanne
Elf:3:    elf_hall_gauntlet_narrow, layout_loops_corners, serial_shops,
          nicolae_shop_crystal, nicolae_elf_hall_of_bonks
Vaults:1: v_misc_8, nicolae_vaults_octagons, nicolae_vaults_network_square,
          vaults_mumra_minichess_inversion, vaults_room_semicircle,
          dpeg_vaults_monster_row, nicolae_vaults_trapezoid_lopsided_3,
          ontoclasm_vaults_chip, v_misc_24, v_alt_pattern_3,
          nicolae_vaults_diamond_1, vaults_room_door_ring,
          ontoclasm_vaults_decontamination, layout_vaults_quadrants
Vaults:2: v_pattern_4, nicolae_vaults_corpse_flower, v_misc_3,
          minmay_crypt_entry_necro_gods, nicolae_vaults_little_squares_6,
          nicolae_vaults_three_branches, nicolae_vaults_border_crossing,
          layout_vaults_chaotic_city, serial_shops, bzr_entry_gold,
          nicolae_shop_overgrown_old_shop, uniq_mennas, uniq_donald
Vaults:3: v_alt_pattern_4, nicolae_vaults_arrows, nicolae_vaults_lightning_bolt,
          v_alt_pattern_4, grunt_vaults_funnel, nicolae_vaults_alarming,
          vaults_dpeg_hooks, nicolae_vaults_double_plus_1,
          nicolae_vaults_storage_room_glass, layout_vaults_omnicross
Vaults:4: vaults_room_pool, minmay_orc_keep, serial_ice_m,
          ontoclasm_vaults_ring_large, hangedman_vaults_river_flow,
          hangedman_vaults_stretched_pinwheel, nicolae_vaults_back_hallway,
          nicolae_vaults_house_1, nicolae_vaults_puzzle_piece,
          nicolae_vaults_security_offices_4, v_misc_16, layout_vaults_omnibox
Depths:1: minmay_box_of_statues, layout_basic, enter_ziggurat_f,
          minmay_stone_trees_small, hell_entry, serial_shops, shop,
          abyss_entry_glasseish, abandoned_shop, chequers_serial_rivers_large_b,
          minivault_1, minmay_misc_feat_iff, nicolae_wu_jian_wuxing_cycle,
          minmay_shoptagon, firewood_loft, serial_bayou_shore_b, uniq_boris
Depths:2: hellmonk_hyper_hexagons [hex_subvault_four_corners,
          hex_subvault_bowtie, hex_subvault_orbs, hex_subvault_bell,
          hex_subvault_two_sheets, hex_subvault_rooms_two, hex_subvault_uneven],
          hell_entry, pan_entry
Depths:3: minmay_diamond_stairs, layout_basic, grunt_pan_entry_spiral,
          pf_hell_entry_tar_river, grunt_decor_clamped,
          hangedman_abyss_entry_splay, uniq_grunn
Depths:4: grunt_zot_entry_gee_three, layout_gridlike, bloody_trog,
          pf_hell_entry_great_geh, chequers_serial_rivers_micro_e,
          minmay_fire_ice_demons, uniq_margery
Hell
Zot:1:    kennysheep_blocky_room, layout_cathedral_of_symmetry,
          st_small_dragon_hoard_2, nicolae_diode_basic

Skill      XL: |  1  2  3  4  5  6  7  8  9 10 11 12 13 14 15 16 17 18 19 20 21 22 23 24 25 |
---------------+----------------------------------------------------------------------------+-----
Long Blades    | 2 4 5 6 8 10 11 13 14 15 16 17 18 | 18.4
Shields        | 3 4 6 7 9 10 12 13 14 15 16 18 19 20 21 | 21.7
Fighting       | 4 6 8 10 12 14 15 16 17 18 19 20 21 22 | 22.2
Dodging        | 3 5 7 8 9 10 11 | 11.1
Invocations    | 4 6 8 10 11 12 14 15 16 17 18 | 18.7
Armour         | 3 4 6 7 9 10 11 12 | 12.6
Short Blades   | 1 |  1.9
Stealth        | 6 7 |  7.0
Polearms       | |  2.6

Action                     |  1- 3 |  4- 6 |  7- 9 | 10-12 | 13-15 | 16-18 | 19-21 | 22-24 | 25-27 || total
---------------------------+-------+-------+-------+-------+-------+-------+-------+-------+-------++-------
  Melee: Trident           |     8 |       |       |       |       |       |       |       |       ||     8
         Demon blade       |    65 |   131 |   215 |   886 |  1243 |  1790 |  2284 |  2334 |    60 ||  9008
         Unarmed           |       |       |     1 |       |       |     1 |       |       |       ||     2
         Constrict         |       |       |       |       |   252 |   360 |   372 |   336 |    25 ||  1345
         Short sword       |       |       |       |       |    34 |       |       |       |       ||    34
         Scimitar          |       |       |       |       |     7 |       |       |       |       ||     7
         Double sword      |       |       |       |       |       |       |       |   379 |   165 ||   544
  Throw: Throwing net      |       |       |       |       |       |     1 |       |       |       ||     1
 Invoke: Lesser Servant of |       |       |       |       |       |     4 |     1 |     1 |       ||     6
         Greater Servant o |       |       |       |       |       |     1 |     1 |    12 |     3 ||    17
Ability: Spit Poison       |    15 |    33 |    31 |    73 |    45 |    52 |    40 |    15 |     1 ||   305
  Evoke: Wand              |       |       |       |     1 |     1 |     1 |     3 |     1 |       ||     7
         Phantom mirror    |       |       |       |       |       |       |       |     1 |     1 ||     2
    Use: Scroll            |       |    14 |     5 |     2 |     3 |    10 |     7 |     8 |     5 ||    54
         Potion            |       |     7 |       |     7 |     2 |     9 |       |     7 |     7 ||    39
   Stab: Invisible         |       |       |       |     1 |       |       |       |       |       ||     1
         Distracted        |       |       |       |       |       |       |     2 |    12 |       ||    14
 Armour: Scale mail        |    70 |   161 |    87 |       |   290 |   704 |       |       |       ||  1312
         Skin              |       |       |     2 |       |       |     3 |       |       |       ||     5
         Acid dragon scale |       |       |    53 |   560 |    61 |       |       |       |       ||   674
         Troll leather arm |       |       |       |       |   442 |       |       |       |       ||   442
         Gold dragon scale |       |       |       |       |       |   632 |   959 |  1672 |   238 ||  3501
  Dodge: Dodged            |    25 |    63 |    73 |   275 |   413 |   433 |   323 |   462 |    76 ||  2143
         Repelled          |       |       |       |       |       |     7 |     7 |    18 |     3 ||    35
  Block: Buckler           |    19 |    45 |    32 |   167 |       |       |       |       |       ||   263
         Kite shield       |       |       |       |    31 |   671 |   769 |       |       |       ||  1471
         Tower shield      |       |       |       |       |       |   579 |  2539 |  3376 |   434 ||  6928

Table legend: (Time is in decaauts)
 A = Elapsed time spent in this place.
 B = Non-inter-level travel time spent in this place.
 C = Inter-level travel time spent in this place.
 D = Time resting spent in this place.
 E = Time spent auto-exploring this place.
 F = Levels seen in this place.
 G = Mean time per level.
                   A        B        C        D        E       F      G
               +--------+--------+--------+--------+--------+-----+--------+
         Total |  82254 |  72167 |  10087 |  15726 |  39015 |  52 | 1581.8 |
       Dungeon |  21892 |  18515 |   3377 |   2921 |  11955 |  15 | 1459.5 |
        Temple |     15 |     15 |      0 |      0 |      0 |   1 |   15.0 |
          Lair |   8591 |   7247 |   1344 |   1238 |   4541 |   5 | 1718.2 |
        Shoals |   6748 |   5928 |    820 |    839 |   3011 |   4 | 1687.0 |
   Spider Nest |   8986 |   8108 |    878 |   2721 |   3760 |   4 | 2246.5 |
  Orcish Mines |   4321 |   3287 |   1034 |    796 |   1693 |   2 | 2160.5 |
   Elven Halls |   8105 |   7507 |    598 |   2647 |   3271 |   3 | 2701.7 |
        Vaults |   8901 |   7870 |   1031 |    839 |   4925 |   4 | 2225.2 |
        Depths |  11367 |  10401 |    966 |   3542 |   4479 |   4 | 2841.8 |
          Hell |    179 |    179 |      0 |      0 |      0 |   1 |  179.0 |
           Zot |    848 |    813 |     35 |    122 |    469 |   1 |  848.0 |
         Abyss |   1708 |   1708 |      0 |     52 |    667 |   5 |  341.6 |
        Bazaar |    156 |    156 |      0 |      0 |     68 |   1 |  156.0 |
         Trove |    108 |    108 |      0 |      0 |      0 |   1 |  108.0 |
         Sewer |    324 |    324 |      0 |      4 |    171 |   1 |  324.0 |
               +--------+--------+--------+--------+--------+-----+--------+

Top non-repeatable levels by time:
Depths:3: 3860 daAuts
   Orc:2: 3340 daAuts
   Elf:2: 3203 daAuts
Spider:2: 3043 daAuts
Depths:4: 2794 daAuts
Vaults:1: 2532 daAuts
Depths:2: 2489 daAuts
   Elf:1: 2457 daAuts
     D:8: 2447 daAuts
   Elf:3: 2445 daAuts
Vaults:2: 2277 daAuts
Spider:1: 2243 daAuts
Vaults:3: 2233 daAuts
Depths:1: 2223 daAuts
Spider:4: 2076 daAuts
